3AAA
ALASKAN HUMPBACKS @ HIALEAH DODOS
07/28/2031
 
TOP OF THE 1ST
Alaskan Humpbacks batting - Pitching for Hialeah Dodos : RHP Willie Cameron
Pitching: RHP Willie Cameron
Batting: RHB Jesús Torres 0-0: Swinging Strike
0-1: Ball
1-1: Ball
2-1: Fly out, F5 (Line Drive, 5L)
Batting: LHB Craig Morgan 0-0: DOUBLE (Line Drive, 9LS)
Batting: RHB Doug Allerdale 0-0: Ball
1-0: SINGLE (Groundball, 6D)
Craig Morgan to third
Runner from 3rd tries for Home, SAFE, no throw
Batting: RHB Edgar Baeza 0-0: Foul Ball, location: 2F
0-1: Ball
1-1: Ball
2-1: Foul Ball, location: 2F
2-2: Ball
3-2: SINGLE (Line Drive, 4MD)
Doug Allerdale to second
Batting: LHB Ijsbrand Erkelens 0-0: Ball
1-0: Called Strike
1-1: Fly out, F7 (Flyball, 78D)
Batting: RHB Ramón Valdéz 0-0: Foul Ball, location: 2F
0-1: Fielders Choice at 2nd, 5-4 (Groundball, 56)
Top of the 1st over - 1 run, 3 hits, 0 errors, 2 left on base; Alaskan 1 - Hialeah 0
BOTTOM OF THE 1ST
Hialeah Dodos batting - Pitching for Alaskan Humpbacks : RHP Francisco Barrios
Pitching: RHP Francisco Barrios
Batting: RHB Owen Cannon 0-0: Foul Ball, location: 2F
0-1: Swinging Strike
0-2: Strikes out looking
Batting: LHB Curt Wilson 0-0: Ball
1-0: Ball
2-0: Called Strike
2-1: Ball
3-1: Foul Ball, location: 2F
3-2: Fly out, F9 (Flyball, 9S)
Batting: LHB Atílio Mansilhas 0-0: Ball
1-0: Called Strike
1-1: Swinging Strike
1-2: Ground out 4-3 (Groundball, 4MD)
Bottom of the 1st over - 0 runs, 0 hits, 0 errors, 0 left on base; Alaskan 1 - Hialeah 0
TOP OF THE 2ND
Alaskan Humpbacks batting - Pitching for Hialeah Dodos : RHP Willie Cameron
Batting: RHB Jonathan Cook 0-0: Foul Ball, location: 2F
0-1: Swinging Strike
0-2: Strikes out swinging
Batting: RHB Scott Dourque 0-0: Ball
1-0: Ground out 5-3 (Groundball, 56)
Batting: RHB Jean Chamissa 0-0: Swinging Strike
0-1: Swinging Strike
0-2: Strikes out looking
Top of the 2nd over - 0 runs, 0 hits, 0 errors, 0 left on base; Alaskan 1 - Hialeah 0
BOTTOM OF THE 2ND
Hialeah Dodos batting - Pitching for Alaskan Humpbacks : RHP Francisco Barrios
Batting: RHB Andrew Crosby 0-0: Called Strike
0-1: Ball
1-1: Foul Ball, location: 2F
1-2: Ball
2-2: Fly out, F5 (Line Drive, 5)
Batting: RHB Clarence Weber 0-0: Ball
1-0: Called Strike
1-1: Called Strike
1-2: Strikes out swinging
Batting: RHB Richard Sonntag 0-0: Ball
1-0: Foul Ball, location: 2F
1-1: SINGLE (Line Drive, 6M)
Batting: RHB Stephen McManus 0-0: Called Strike
0-1: Fly out, F3 (Popup, 3F)
Bottom of the 2nd over - 0 runs, 1 hit, 0 errors, 1 left on base; Alaskan 1 - Hialeah 0
TOP OF THE 3RD
Alaskan Humpbacks batting - Pitching for Hialeah Dodos : RHP Willie Cameron
Batting: RHB Jesús Torres 0-0: Ground out 5-3 (Groundball, 56)
Batting: LHB Craig Morgan 0-0: Ball
1-0: Fly out, F6 (Line Drive, 6M)
Batting: RHB Doug Allerdale 0-0: Ball
1-0: Fly out, F4 (Popup, 4)
Top of the 3rd over - 0 runs, 0 hits, 0 errors, 0 left on base; Alaskan 1 - Hialeah 0
BOTTOM OF THE 3RD
Hialeah Dodos batting - Pitching for Alaskan Humpbacks : RHP Francisco Barrios
Batting: RHB Robert Emmet Odlum 0-0: Ball
1-0: Called Strike
1-1: Foul Ball, location: 2F
1-2: SINGLE (Line Drive, 9S)
Batting: LHB Perry Bothof 0-0: Swinging Strike
0-1: Reached on error, E6 (Groundball, 6S)
Robert Emmet Odlum to second
Batting: RHB Owen Cannon 0-0: SINGLE (Groundball, 4MD)
Robert Emmet Odlum to third
Perry Bothof to second
Runner from 3rd tries for Home, SAFE, no throw
Batting: LHB Curt Wilson 0-0: Ball
1-0: Swinging Strike
1-1: Called Strike
1-2: Strikes out looking
Batting: LHB Atílio Mansilhas 0-0: Ground out 5-3 (Groundball, 2L)
Perry Bothof to third
Owen Cannon to second
Batting: RHB Andrew Crosby 0-0: Swinging Strike
0-1: Ball
1-1: Called Strike
1-2: Foul Ball, location: 2F
1-2: Fly out, F6 (Popup, 6S)
Bottom of the 3rd over - 1 run, 2 hits, 1 error, 2 left on base; Alaskan 1 - Hialeah 1
TOP OF THE 4TH
Alaskan Humpbacks batting - Pitching for Hialeah Dodos : RHP Willie Cameron
Batting: RHB Edgar Baeza 0-0: Called Strike
0-1: Ball
1-1: Ball
2-1: SINGLE (Groundball, 6D)
Batting: LHB Ijsbrand Erkelens 0-0: Ball
1-0: Fielders Choice at 2nd, 4-6 (Groundball, 4M)
Batting: RHB Ramón Valdéz 0-0: Swinging Strike
0-1: Called Strike
0-2: Strikes out swinging
Batting: RHB Jonathan Cook 0-0: Ball
1-0: Called Strike
1-1: Foul Ball, location: 2F
1-2: SINGLE (Flyball, 89S)
Ijsbrand Erkelens to second
Runner from 2nd tries for 3rd, SAFE, no throw
Batting: RHB Scott Dourque 0-0: Ball
1-0: Called Strike
1-1: Fly out, F7 (Line Drive, 7LD)
Top of the 4th over - 0 runs, 2 hits, 0 errors, 2 left on base; Alaskan 1 - Hialeah 1
BOTTOM OF THE 4TH
Hialeah Dodos batting - Pitching for Alaskan Humpbacks : RHP Francisco Barrios
Batting: RHB Clarence Weber 0-0: Called Strike
0-1: Ball
1-1: Ball
2-1: Foul Ball, location: 2F
2-2: Strikes out swinging
Batting: RHB Richard Sonntag 0-0: Ball
1-0: Fly out, F8 (Flyball, 8LS)
Batting: RHB Stephen McManus 0-0: Fly out, F3 (Popup, 3SF)
Bottom of the 4th over - 0 runs, 0 hits, 0 errors, 0 left on base; Alaskan 1 - Hialeah 1
TOP OF THE 5TH
Alaskan Humpbacks batting - Pitching for Hialeah Dodos : RHP Willie Cameron
Batting: RHB Jean Chamissa 0-0: Called Strike
0-1: Ball
1-1: Foul Ball, location: 2F
1-2: Ball
2-2: Ball
3-2: Foul Ball, location: 2F
3-2: Strikes out looking
Batting: RHB Jesús Torres 0-0: Ball
1-0: Called Strike
1-1: Swinging Strike
1-2: Foul Ball, location: 2F
1-2: Strikes out swinging
Batting: LHB Craig Morgan 0-0: Ball
1-0: Ground out 3-1 (Groundball, 34S)
Top of the 5th over - 0 runs, 0 hits, 0 errors, 0 left on base; Alaskan 1 - Hialeah 1
BOTTOM OF THE 5TH
Hialeah Dodos batting - Pitching for Alaskan Humpbacks : RHP Francisco Barrios
Batting: RHB Robert Emmet Odlum 0-0: Ball
1-0: Ball
2-0: Called Strike
2-1: Ball
3-1: Foul Ball, location: 2F
3-2: Ground out 5-3 (Groundball, 56S)
Batting: LHB Perry Bothof 0-0: Swinging Strike
0-1: Called Strike
0-2: Foul Ball, location: 2F
0-2: Fly out, F7 (Flyball, 7LM)
Batting: RHB Owen Cannon 0-0: Called Strike
0-1: Ball
1-1: Ball
2-1: Ground out 4-3 (Groundball, 4)
Bottom of the 5th over - 0 runs, 0 hits, 0 errors, 0 left on base; Alaskan 1 - Hialeah 1
TOP OF THE 6TH
Alaskan Humpbacks batting - Pitching for Hialeah Dodos : RHP Willie Cameron
Batting: RHB Doug Allerdale 0-0: Ball
1-0: SINGLE (Groundball, 4MD)
Batting: RHB Edgar Baeza 0-0: Ball
1-0: Ball
2-0: Ball
3-0: Base on Balls
Doug Allerdale to second
Batting: LHB Ijsbrand Erkelens 0-0: Ball
1-0: Fly out, F8 (Flyball, 89S)
Batting: RHB Ramón Valdéz 0-0: Grounds into double play, 6-4-3 (Groundball, 56)
Top of the 6th over - 0 runs, 1 hit, 0 errors, 1 left on base; Alaskan 1 - Hialeah 1
BOTTOM OF THE 6TH
Hialeah Dodos batting - Pitching for Alaskan Humpbacks : RHP Francisco Barrios
Batting: LHB Curt Wilson 0-0: Ball
1-0: Ball
2-0: Foul Ball, location: 2F
2-1: Ball
3-1: SINGLE (Groundball, 4MD)
Batting: LHB Atílio Mansilhas 0-0: Foul Ball, location: 2F
0-1: DOUBLE (Line Drive, 7LM)
Curt Wilson to third
Batting: RHB Andrew Crosby 0-0: Called Strike
0-1: Ground out 5-3 (Groundball, 5S)
Batting: RHB Clarence Weber 0-0: Swinging Strike
0-1: Foul Ball, location: 2F
0-2: Strikes out looking
Batting: RHB Richard Sonntag 0-0: Ball
1-0: Ball
2-0: Ball
3-0: Called Strike
3-1: Called Strike
3-2: Strikes out looking
Bottom of the 6th over - 0 runs, 2 hits, 0 errors, 2 left on base; Alaskan 1 - Hialeah 1
TOP OF THE 7TH
Alaskan Humpbacks batting - Pitching for Hialeah Dodos : RHP Willie Cameron
Batting: RHB Jonathan Cook 0-0: Ball
1-0: Ball
2-0: Called Strike
2-1: Foul Ball, location: 2F
2-2: Foul Ball, location: 2F
2-2: Strikes out swinging
Pinch Hitting: LHB Mario Cruz 0-0: Ground out 4-3 (Groundball, 4M)
Pinch Hitting: LHB Dallas Ihde 0-0: Ball
1-0: Foul Ball, location: 2F
1-1: Ball
2-1: Ball
3-1: Base on Balls
Pinch Hitting: LHB Danny Trautmann 0-0: Foul Ball, location: 2F
0-1: Ball
1-1: Ball
2-1: Fly out, F7 (Flyball, 78D)
Top of the 7th over - 0 runs, 0 hits, 0 errors, 1 left on base; Alaskan 1 - Hialeah 1
BOTTOM OF THE 7TH
Hialeah Dodos batting - Pitching for Alaskan Humpbacks : RHP Francisco Barrios
Now at 2B: Erik Sterk
Now in LF: Javier Martínez
Now in CF: Dallas Ihde
Batting: RHB Stephen McManus 0-0: SINGLE (Flyball, 78S)
Pitching: RHP Mario Ruíz
Batting: RHB Robert Emmet Odlum 0-0: Sac Bunt - play at first, batter OUT! 1-4
Stephen McManus to second
Batting: LHB Perry Bothof 0-0: Called Strike
0-1: Foul Ball, location: 2F
0-2: Fly out, F8 (Flyball, 8RS)
Batting: RHB Owen Cannon 0-0: Ball
1-0: Foul Ball, location: 2F
1-1: Ball
2-1: Foul Ball, location: 2F
2-2: Ball
3-2: Strikes out looking
Bottom of the 7th over - 0 runs, 1 hit, 0 errors, 1 left on base; Alaskan 1 - Hialeah 1
TOP OF THE 8TH
Alaskan Humpbacks batting - Pitching for Hialeah Dodos : RHP Willie Cameron
Batting: LHB Craig Morgan 0-0: Ball
1-0: Ball
2-0: SINGLE (Groundball, 56) (infield hit)
Pinch Hitting: LHB Tim Stinson 0-0: Ball
Wild Pitch!
Craig Morgan to second
1-0: Called Strike
1-1: Called Strike
1-2: Foul Ball, location: 2F
1-2: Foul Ball, location: 2F
1-2: Ball
2-2: Strikes out swinging
Batting: RHB Edgar Baeza 0-0: Intentional Walk
Batting: LHB Ijsbrand Erkelens 0-0: Fielders Choice at 2nd, 3-6 (Groundball, 34)
Craig Morgan to third
Batting: RHB Ramón Valdéz 0-0: Called Strike
0-1: Called Strike
0-2: Ball
1-2: Foul Ball, location: 2F
1-2: SINGLE (Line Drive, 89S)
Craig Morgan scores
Ijsbrand Erkelens to second
Runner from 2nd tries for 3rd, SAFE, no throw
Batting: RHB Jonathan Cook 0-0: Ball
1-0: Ball
2-0: Called Strike
2-1: Foul Ball, location: 2F
2-2: Foul Ball, location: 2F
2-2: Fielders Choice at 2nd, 5-4 (Groundball, 56)
Top of the 8th over - 1 run, 2 hits, 0 errors, 2 left on base; Alaskan 2 - Hialeah 1
BOTTOM OF THE 8TH
Hialeah Dodos batting - Pitching for Alaskan Humpbacks : RHP Mario Ruíz
Now at 1B: Peter Agulera
Batting: LHB Curt Wilson 0-0: Ground out 6-3 (Groundball, 6)
Batting: LHB Atílio Mansilhas 0-0: Foul Ball, location: 2F
0-1: Ball
1-1: Called Strike
1-2: Ball
2-2: Strikes out swinging
Batting: RHB Andrew Crosby 0-0: Ball
1-0: Foul Ball, location: 2F
1-1: Foul Ball, location: 2F
1-2: Ball
2-2: Ball
3-2: Foul Ball, location: 2F
3-2: SINGLE (Line Drive, 56D)
Pitching: RHP Greyfriars Bobby
Batting: RHB Clarence Weber 0-0: SINGLE (Groundball, 4) (infield hit)
Andrew Crosby to second
Batting: RHB Richard Sonntag 0-0: Ball
1-0: Fly out, F4 (Popup, 34)
Bottom of the 8th over - 0 runs, 2 hits, 0 errors, 2 left on base; Alaskan 2 - Hialeah 1
TOP OF THE 9TH
Alaskan Humpbacks batting - Pitching for Hialeah Dodos : RHP Willie Cameron
Batting: RHB Erik Sterk 0-0: Ball
1-0: Fly out, F6 (Line Drive, 56)
Batting: LHB Dallas Ihde 0-0: Ground out 6-3 (Groundball, 6)
Batting: RHB Javier Martínez 0-0: Ball
1-0: Ground out 3-1 (Groundball, 34S)
Top of the 9th over - 0 runs, 0 hits, 0 errors, 0 left on base; Alaskan 2 - Hialeah 1
BOTTOM OF THE 9TH
Hialeah Dodos batting - Pitching for Alaskan Humpbacks : RHP Greyfriars Bobby
Batting: RHB Stephen McManus 0-0: Ball
1-0: Ground out 4-3 (Groundball, 34S)
Batting: RHB Robert Emmet Odlum 0-0: Foul Ball, location: 2F
0-1: SINGLE (Groundball, 6MD)
Batting: LHB Perry Bothof 0-0: Ball
1-0: Foul Ball, location: 2F
1-1: Foul Ball, location: 2F
1-2: Strikes out swinging
Batting: RHB Owen Cannon 0-0: Foul Ball, location: 2F
0-1: Ball
1-1: Fly out, F9 (Flyball, 9)
Bottom of the 9th over - 0 runs, 1 hit, 0 errors, 1 left on base; Alaskan 2 - Hialeah 1
Tuesday, June 12th, 2018 - OOTP Baseball 18.8 Build 76